 Dungeon Crawl Stone Soup version 0.29.1-13-g9f3cf754e1 (webtiles) character file.

Game seed: 10350695726602656147

54 boopmooplesden the Slasher (level 3, 0/33 HPs)
             Began as a Draconian Berserker on Jan 23, 2023.
             Was a Follower of Trog.
             Slain by a frilled lizard (2 damage)
             ... on level 2 of the Dungeon.
             The game lasted 00:01:01 (1030 turns).

boopmooplesden the Slasher (Draconian Berserker)    Turns: 1030, Time: 00:01:02

Health: 0/33       AC:  5    Str: 19    XL:     3   Next: 66%
Magic:  3/3        EV: 12    Int:  7    God:    Trog [*.....]
Gold:   81         SH:  0    Dex: 12    Spells: 2/2 levels left

rFire   . . .      SeeInvis .   a - +0 falchion
rCold   . . .      Faith    .   (no shield)
rNeg    . . .      Spirit   .   (body armour unavailable)
rPois   .          Reflect  .   (helmet restricted)
rElec   .          Harm     .   (no cloak)
rCorr   .          Rampage  .   (no gloves)
Will    .....                   (no boots)
Stlth   +.........              (no amulet)
HPRegen 0.11/turn               (no ring)
MPRegen 0.08/turn               (no ring)

@: on berserk cooldown, slowed, very slow
A: AC +5, unfitting armour, cold-blooded
a: Renounce Religion, Berserk


You were on level 2 of the Dungeon.
You worshipped Trog.
Trog was aware of your devotion.
You visited 1 branch of the dungeon, and saw 2 of its levels.

You collected 81 gold pieces.

Inventory:

Hand Weapons
 a - a +0 falchion (weapon)
Potions
 b - a potion of heal wounds {unknown}
 c - a potion of berserk rage {unknown}
 d - a potion of curing


   Skills:
 + Level 3.9 Fighting
 + Level 3.9 Long Blades
 + Level 3.1 Dodging
 + Level 0.1 Stealth


You had 2 spell levels left.
You didn't know any spells.
Your spell library was empty.

Dungeon Overview and Level Annotations

Branches:
Dungeon (2/15)

Altars:


Innate Abilities, Weirdness & Mutations

Your plain brown scales are hard. (AC +5)
You cannot fit into any form of body armour.
You are cold-blooded and may be slowed by cold attacks.


Message History

You see here a +0 flail of protection.
You hit the gnoll. You tail-slap the gnoll.
The gnoll is heavily wounded.
You closely miss the gnoll.
The gnoll is heavily wounded.
The gnoll barely misses you. x2
You hit the gnoll.
The gnoll is severely wounded.
The gnoll hits you with a +0 spear.
The gnoll hits you from afar with a +0 halberd.
* * * LOW HITPOINT WARNING * * *
You slash the gnoll!
You kill the gnoll!
Trog accepts your kill. The gnoll closely misses you.
You slash the endoplasm!
You kill the endoplasm!
Trog accepts your kill.
A frilled lizard comes into view.
The gnoll hits you with a +0 halberd.
* * * LOW HITPOINT WARNING * * *
You see here a +0 spear.
You hit the gnoll.
The gnoll is moderately wounded.
The gnoll closely misses you.
You slash the gnoll!
The gnoll is almost dead.
The gnoll hits you with a +0 halberd!
* * * LOW HITPOINT WARNING * * *
You barely miss the gnoll.
The gnoll is almost dead.
You hit the gnoll.
You kill the gnoll!
Trog accepts your kill.
You are no longer berserk.
You are exhausted.
You feel yourself slow down.
You see here a +0 halberd.
You miss the frilled lizard. The frilled lizard bites you.
You die...

#.#..#.##.# .# .#
#.......#.######## #.##.#
#.......#......##.....
###...###.####.#... .# #
#...# #.####.#.###.###.#
#...# #.##.............##
.####...###.##.#...##........
.......................#
...............l@#####.#
..>............#)# #.#
#.###....#######)# #.# #
#.....# #.# #.# ........
#.#####.# #........ #.......#
##.#####. ####.#### #. ##..
#......# #:..#### #.#.##.#


You could see a frilled lizard.

Vanquished Creatures
  3 gnolls (D:2)
  A bat (D:1)
  4 endoplasms
  2 giant cockroaches (D:1)
  A goblin (D:1)
  4 hobgoblins
  2 kobolds (D:1)
  A quokka (D:1)
  3 ball pythons
  2 frilled lizards (D:1)
23 creatures vanquished.

Notes
Turn   | Place    | Note
-------+----------+-------------------------------------------
     0 | D:1      | boopmooplesden the Draconian Berserker began the quest for
                  | the Orb.
     0 | D:1      | Reached XP level 1. HP: 19/19 MP: 1/1
   194 | D:1      | Reached XP level 2. HP: 23/26 MP: 2/2
  1018 | D:2      | Reached XP level 3. HP: 23/33 MP: 3/3
  1030 | D:2      | Slain by a frilled lizard

Illustrated notes

Levels and vault maps discovered:
D:1:      dpeg_arrival_concentric_ovals, layout_basic
D:2:      layout_loops_cross, dreamdust_ecumenical_altar_grove,
          roderic_serpentine_path, mrwooster_statue_mirror, minmay_tripent

Skill      XL: |  1  2 |
---------------+-------+-----
Dodging        | 3 |  3.1
Fighting       | |  3.9
Long Blades    | |  3.9
Stealth        | |  0.1

Action                   || total
-------------------------++-------
Melee: Falchion          ||    75
       Tailslap          ||     7
Invok: Berserk           ||     1
  Use: Potion            ||     1
 Stab: Sleeping          ||     1
Armor: Skin              ||    19
Dodge: Dodged            ||    66
